 Seeded DCSS version 0.25-a0-663-gace7076f2c (webtiles) character file.

Game seed: 11899377527320829054, levelgen mode: deterministic

242 Envy91 the Skirmisher (level 5, -1/51 HPs)
             Began as a Minotaur Berserker on Mar 24, 2020.
             Was a Believer of Trog.
             Succumbed to an orc wizard's poison
             ... on level 3 of the Dungeon.
             The game lasted 00:13:02 (2682 turns).

Envy91 the Skirmisher (Minotaur Berserker)          Turns: 2682, Time: 00:13:02

Health: -1/51      AC:  8    Str: 22    XL:     5   Next: 82%
Magic:  4/4        EV: 10    Int:  4    God:    Trog [**....]
Gold:   139        SH:  9    Dex: 10    Spells: 4/4 levels left

rFire    . . .     SeeInvis .   a - +0 hand axe
rCold    . . .     Gourm    .   g - +0 kite shield
rNeg     . . .     Faith    .   t - +0 scale mail
rPois    .         Spirit   .   (helmet restricted)
rElec    .         Reflect  .   i - +1 cloak
rCorr    .         Harm     .   (no gloves)
MR       .....                  (no boots)
Stlth    ..........             (no amulet)
HPRegen  0.17/turn              q - +2 ring of evasion
MPRegen  0.09/turn              (no ring)

@: lethally poisoned (-1 -> -20), berserk cooldown, fainting, slowed, very slow
A: retaliatory headbutt, horns 2
a: Berserk, Trog's Hand, Renounce Religion


You were on level 3 of the Dungeon.
You worshipped Trog.
Trog was pleased with you.
You were fainting.

You visited 1 branch of the dungeon, and saw 3 of its levels.

You collected 139 gold pieces.

Inventory:

Hand Weapons
 a - a +0 hand axe (weapon)
Missiles
 k - 30 bolts
 l - 11 arrows
 p - 14 poisoned darts (quivered)
Armour
 g - a +0 kite shield (worn)
 i - a +1 cloak (worn)
 t - a +0 scale mail (worn)
Jewellery
 q - a +2 ring of evasion (left hand)
Scrolls
 d - a scroll of magic mapping {unknown}
 e - a scroll of remove curse {unknown}
 h - 2 scrolls of identify {unknown}
 m - a scroll of teleportation {unknown}
 o - a scroll of noise {unknown}
 r - a scroll of enchant armour {unknown}
Potions
 j - a potion of berserk rage {unknown}
 n - 2 potions of curing {unknown}
 s - a potion of flight {unknown}
Comestibles
 b - a chunk of flesh
 c - 7 rations


   Skills:
 + Level 6.9 Fighting
 - Level 4.0 Axes
 - Level 2.4 Armour
 - Level 2.1 Dodging
 * Level 3.2 Shields


You had 4 spell levels left.
You didn't know any spells.
Your spell library was empty.

Dungeon Overview and Level Annotations

Branches:
Dungeon (3/15)

Altars:
Yredelemnul


Innate Abilities, Weirdness & Mutations

You reflexively headbutt those who attack you in melee.
You have a pair of horns on your head.


Message History

The orc wizard is lightly wounded.
* * * LOW HITPOINT WARNING * * *
You feel sick.
The orc wizard points at you and mumbles some strange words.
The magic dart hits you but does no damage.
You closely miss the orc wizard.
The orc wizard is lightly wounded.
* * * LOW HITPOINT WARNING * * *
You feel sick. You block the orc wizard's attack.
The orc wizard casts a spell.
The orc wizard flickers and vanishes!
Deactivating autopickup; reactivate with Ctrl-A.
You miss something. Your headbutt misses something.
* * * LOW HITPOINT WARNING * * *
You feel sick. Something hits you but does no damage.
You are more poisoned.
Something hits you.
* * * LOW HITPOINT WARNING * * *
You closely miss something. Your headbutt misses something.
You die...

# #.. #.##
#.#.########## #.#
#####.#.. #......#
#.#
........###.####.#
#.# ####### ##
#.....# #.# #.##
......# .. #.#####
#.# #...
.###<.#.#####. #.#
#.# #### ..o...#
...... #.# #.#
...o.## #.... #@#
#.####### ..o...#
+.... #{#
#........ o$###.#
##....##o#
############# .o
!# #....o'[.#
#............ ..
## #.....####
#..........## .
#.....
#.(........## .
....###
#####..........##
...
#..............##
..
#.###..........##


You could see an orc.

Vanquished Creatures
  A howler monkey (D:2)
  A hound (D:2)
  3 orc priests
  Robin (D:2)
  An adder (D:2)
  A worm (D:2)
  2 orcs (D:3)
  3 bats
  6 giant cockroaches
  14 goblins
  8 hobgoblins
  2 jackals (D:2)
  8 kobolds
  A frilled lizard (D:1)
  8 rats
60 creatures vanquished.

Notes
Turn   | Place    | Note
-------+----------+-------------------------------------------
     0 | D:1      | Envy91 the Minotaur Berserker began the quest for the Orb.
     0 | D:1      | Reached XP level 1. HP: 19/19 MP: 0/0
   621 | D:1      | You fall into a shaft and drop 1 floor!
   693 | D:2      | Reached skill level 4 in Fighting
   693 | D:2      | Reached XP level 2. HP: 19/27 MP: 1/1
   772 | D:2      | Reached skill level 5 in Fighting
   772 | D:2      | Reached XP level 3. HP: 20/36 MP: 2/2
  1430 | D:2      | Noticed Robin
  1440 | D:2      | Reached XP level 4. HP: 42/42 MP: 3/3
  1450 | D:2      | Killed Robin
  1450 | D:2      | Reached skill level 1 in Shields
  1455 | D:2      | Found a basalt altar of Yredelemnul.
  1671 | D:2      | Reached ** piety under Trog
  1777 | D:2      | You fall into a shaft and drop 1 floor!
  1844 | D:3      | Reached skill level 6 in Fighting
  1966 | D:2      | Reached XP level 5. HP: 45/50 MP: 4/4
  2681 | D:3      | HP: 2/51 [something (2)]
  2682 | D:3      | Succumbed to an orc wizard's poison

Levels and vault maps discovered:
D:1:      lightli_arrival_statuegarden, layout_basic
D:2:      layout_basic, lemuel_crystal_altar, first_ration, grunt_ministairs_12,
          uniq_robin
D:3:      layout_basic, grunt_ministairs_5

Skill      XL: |  1  2  3  4  5 |
---------------+----------------+-----
Axes           | 4 |  4.0
Fighting       | 4 5 6 |  6.9
Shields        | 2 3 |  3.2
Armour         | |  2.4
Dodging        | |  2.1

Action                   |  1- 3 |  4- 6 || total
-------------------------+-------+-------++-------
Melee: Hand axe          |    45 |    85 ||   130
       Headbutt          |     6 |    16 ||    22
Invok: Berserk           |     2 |     2 ||     4
  Eat: Chunk             |     3 |     4 ||     7
Armor: Animal skin       |    13 |    13 ||    26
       Scale mail        |       |    18 ||    18
Dodge: Dodged            |    20 |    40 ||    60
Block: Kite shield       |    20 |    45 ||    65

Table legend:
 A = Non-vault XP
 B = Vault XP
 C = Vault XP percentage of total XP
 D = Non-vault monster count
 E = Vault monster count
 F = Vault count percentage of total count
                 A         B        C        D         E       F
            +---------+---------+-------+---------+---------+-------
      Total |     306 |      41 |  11.8 |      45 |      15 |  25.0
            +---------+---------+-------+---------+---------+-------
        D:1 |      12 |       0 |   0.0 |       7 |       0 |   0.0
        D:2 |     193 |      41 |  17.5 |      26 |      15 |  36.6
        D:3 |     101 |       0 |   0.0 |      12 |       0 |   0.0
            +---------+---------+-------+---------+---------+-------
